AoeStats
← Marin.

Arabia

503435740Analyzed
1v1 RM · 1mo ago on Aug 31, 2026· 15m 31s· 2 players
Game mode
Random Map
Map size
Tiny (2 player)
Population
200
Speed
Normal
Resources
Standard
Victory
Conquest
Starting age
Dark Age
Ending age
Imperial Age
RankedLock teamsTeams togetherTeam positionsShared explorationLock speedFull tech treeHidden civsTurbo modeCheats
Victory
Defeat
🇩🇪 Cumans · Germany
1091
+15
🇪🇸 Dravidians · Spain
1069
-15
Marin.
5:18 Loom
10:07 Feudal Age
10:45 Double-Bit Axe
11:42 Horse Collar
12:18 Forging
12:00 Fletching
12:58 Town Watch
EL-CIGARETTO
4:06 Loom
11:24 Feudal Age
11:53 Double-Bit Axe
13:25 Horse Collar
Connection lost

Rejoining the realm…

Still unreachable

The connection could not be restored.

Session expired

The server has moved on; the page needs a fresh start.